 Dungeon Crawl Stone Soup version 0.18-a0-1782-gb76a692 (webtiles) character file.

137 Lovchig the Insei (level 5, -2/61 HPs)
             Began as a Vampire Monk on Apr 17, 2016.
             Slain by an orc (4 damage)
             ... on level 4 of the Dungeon.
             The game lasted 00:12:32 (2218 turns).

Lovchig the Insei (Vampire Monk)                    Turns: 2218, Time: 00:12:33

Health: -2/61      AC:  8    Str: 16    XL:     5   Next: 0%
Magic:  5/5        EV: 11    Int: 13    God:
Gold:   132        SH:  0    Dex: 16    Spells: 0 memorised, 4 levels left

rFire  . . .     SeeInvis +       - Unarmed
rCold  . . .     Gourm    .     c - +0 scale mail
rNeg   . . .     Faith    .     (no shield)
rPois  .         Spirit   .     (no helmet)
rElec  .         Dismiss  .     o - +1 cloak
rCorr  .         Reflect  .     (no gloves)
SustAt .         Harm     .     (no boots)
MR     .....                    m - amulet of inaccuracy
Stlth  ..........               (no ring)
                                d - ring of see invisible

@: berserking, regenerating quickly, very quick, not resistant to hostile
enchantments, extremely unstealthy
A: fangs 3, see invisible, unbreathing
a: no special abilities


You were on level 4 of the Dungeon.
You were full.

You visited 1 branch of the dungeon, and saw 4 of its levels.

You collected 132 gold pieces.

Inventory:

Hand Weapons
 n - a +2 quarterstaff of chaos
Armour
 a - a +0 robe
 c - a +0 scale mail (worn)
 e - a +0 ring mail
 o - a +1 cloak (worn)
Jewellery
 d - a ring of see invisible (left hand)
 m - an amulet of inaccuracy (around neck)
Scrolls
 f - a scroll of remove curse
 j - a scroll of teleportation {unknown}
 k - a scroll of enchant weapon {unknown}
 p - a scroll of identify {unknown}
Potions
 b - a potion of blood
 g - a potion of lignification {unknown}
 h - 5 potions of brilliance {unknown}
 l - 2 potions of curing {unknown}
 q - a potion of heal wounds {unknown}
 r - a potion of degeneration {unknown}


   Skills:
 * Level 3.2 Fighting
 * Level 1.7 Armour
 * Level 4.1 Dodging
 - Level 3.0 Stealth
 * Level 5.3 Unarmed Combat


You had 4 spell levels left.
You didn't know any spells.

Dungeon Overview and Level Annotations

Branches:
Dungeon (4/15)
 Temple: D:4-7

Altars:
Ashenzari
The Shining One


Innate Abilities, Weirdness & Mutations

Your natural rate of healing is unusually fast.
You have razor-sharp teeth.
You have supernaturally acute eyesight.
You can survive without breathing.


Message History

Your bite misses the orc wizard.
The orc wizard is moderately wounded.
The orc wizard hits you with a dagger. The orc closely misses you.
Your scale mail prevents you from hitting the orc wizard.
The orc wizard is moderately wounded.
The orc hits you but does no damage.
You are electrocuted!
The orc wizard closely misses you. The orc barely misses you.
You completely miss the orc wizard. Your bite misses the orc wizard.
The orc wizard is moderately wounded.
The orc wizard casts a spell.
The orc wizard seems to speed up.
The orc hits you but does no damage.
You are electrocuted!
* * * LOW HITPOINT WARNING * * *
The orc barely misses you.
It was a potion of berserk rage.
A red film seems to cover your vision as you go berserk!
You feel yourself moving faster!
You feel mighty!
The orc wizard hits you but does no damage.
The orc hits you.
You die...

..# ..# ...##
#...## #...#
#..#### .
#.....####...
#.<.oo......#
#....@o...#
#....#######
######


You could see an orc wizard and 2 orcs.

Vanquished Creatures
  Crazy Yiuf (D:2)
  3 adders
  2 oozes (D:2)
  A worm (D:2)
  2 dart slugs
  3 giant geckos
  7 bats
  2 giant cockroaches
  7 goblins
  4 hobgoblins (D:3)
  5 jackals
  11 kobolds
  2 quokkas (D:2)
  3 giant newts
  10 rats
63 creatures vanquished.

Notes
Turn   | Place    | Note
--------------------------------------------------------------
     0 | D:1      | Lovchig the Vampire Monk began the quest for the Orb.
     0 | D:1      | Reached XP level 1. HP: 17/17 MP: 1/1
   152 | D:1      | Reached XP level 2. HP: 23/23 MP: 2/2
   627 | D:2      | Found a glowing golden altar of the Shining One.
   641 | D:2      | Reached XP level 3. HP: 21/29 MP: 3/3
   843 | D:2      | Reached skill level 5 in Unarmed Combat
   958 | D:2      | Found a shattered altar of Ashenzari.
  1137 | D:2      | Reached skill level 1 in Armour
  1180 | D:2      | Noticed Crazy Yiuf
  1186 | D:2      | Killed Crazy Yiuf
  1186 | D:2      | Reached XP level 4. HP: 24/35 MP: 4/4
  1601 | D:3      | Found a faded altar to an unknown god.
  2162 | D:3      | Reached XP level 5. HP: 41/41 MP: 5/5
  2200 | D:4      | Noticed a phantom
  2217 | D:4      | HP: 1/41 [orc/hand axe of electrocution (17)]
  2218 | D:4      | Slain by an orc

Vault maps used:
D:1:      minmay_arrival_stone_box
D:2:      nicolae_overflow_crystal_walls, lemuel_doored_altar,
          uniq_crazy_yiuf_cottage
D:3:      ecumenical_altar_1, first_bread
D:4:      kennysheep_mini_moat, grunt_temple_overflow_open, uniq_eustachio

Skill      XL: |  1  2  3 |
---------------+----------+-----
Fighting       | 3 |  3.2
Unarmed Combat | 5 |  5.3
Armour         | 1 |  1.7
Dodging        | 4 |  4.1
Stealth        | |  3.0

Action                   |  1- 3 |  4- 6 || total
-------------------------+-------+-------++-------
Melee: Unarmed           |   129 |    97 ||   226
       Bite              |     9 |     9 ||    18
       Punch             |     3 |     2 ||     5
  Use: Scroll            |       |     4 ||     4
       Potion            |       |     1 ||     1
 Stab: Sleeping          |     1 |     1 ||     2
  Eat: Corpse            |     9 |     2 ||    11
Armor: Scale mail        |    62 |    64 ||   126
Dodge: Dodged            |    99 |    83 ||   182
